Map: Terrasses de Prion

Players

lefty

  • Race: Zerg Zerg
  • League: Platinum

Worming - Winner!

  • Race: Zerg Zerg
  • League: Platinum

VOD

Have the link to the VOD?

Description

Time

  • Played on: Nov. 11, 2015, 9:27 a.m.
  • Length: 9:47
Show
View Real Time Build Order
Export as new Build Order

lefty Zerg 

Build Orders: Hatch First 

Get SALT Encoding   

  12  0:01  Drone  
  13  0:12  Overlord  
  13  0:17  Drone  
  14  0:30  Drone x2  
  14  0:34  Drone  
  17  0:52  Hatchery  
  17  0:55  Drone  
  17  0:58  Drone  
  18  1:12  Spawning Pool  
  18  1:15  Drone  
  18  1:20  Extractor  
  18  1:22  Drone  
  18  1:28  Drone  
  19  1:46  Overlord  
  19  1:58  Queen  
  21  2:03  Zergling x2  
  21  2:04  Queen  
  21  2:07  Drone x2  
  26  2:12  Drone  
  27  2:18  Drone  
  27  2:21  Metabolic Boost  
  28  2:24  Drone  
  29  2:31  Drone  
  30  2:47  Baneling Nest, Drone x2  
  30  2:48  Drone, Overlord  
  32  2:54  Drone  
  33  3:03  Drone  
  34  3:06  Drone  
  34  3:10  Overlord  
  34  3:11  Drone x3  
  38  3:17  Zergling x2  
  39  3:20  Drone x2  
  39  3:21  Overlord  
  40  3:42  Baneling  
  40  3:43  Baneling  
  40  3:47  Drone  
  40  3:48  Drone x3  
  44  3:49  Zergling x12  
  50  4:07  Overlord  
  50  4:08  Overlord  
  50  4:10  Hatchery  
  50  4:15  Drone x3  
  52  4:19  Extractor x2  
  50  4:30  Lair  
  50  4:31  Roach Warren  
  50  4:38  Drone x4  
  53  4:45  Drone  
  53  4:46  Drone x3  
  57  4:56  Overlord x2  
  57  4:57  Drone x2  
  59  5:01  Evolution Chamber  
  58  5:09  Evolution Chamber  
  58  5:11  Zergling x8  
  61  5:15  Roach  
  63  5:25  Roach x5  
  72  5:36  Roach  
  72  5:37  Roach x5  
  77  5:47  Roach  
  77  5:48  Roach x2  
  75  5:59  Queen  
  75  6:02  Zergling x2  
  75  6:03  Zergling x8  
  82  6:18  Zergling x12  
  83  6:28  Zergling x6  
  86  6:45  Drone x3  
  90  6:47  Ravager  
  90  6:48  Queen  
  81  7:06  Roach x5  
  81  7:07  Roach x4  
  92  7:22  Roach  
  92  7:23  Roach x3  
  92  7:25  Overlord x4  
  98  7:31  Roach  
  83  7:45  Ravager  
  83  7:47  Zergling x8  
  83  7:48  Zergling x6  
  87  7:59  Zergling x6  
  90  8:21  Roach x4  
  90  8:24  Hatchery  
  90  8:25  Extractor  
  90  8:26  Hatchery  
  90  8:46  Roach  
  90  8:47  Roach x5  
  98  9:01  Spore Crawler  
  96  9:04  Spore Crawler  
  96  9:09  Zergling x16  
Show
View Real Time Build Order
Export as new Build Order

Worming Zerg - Winner!

Build Orders: Hatch First 

Get SALT Encoding   

  12  0:01  Drone  
  13  0:12  Overlord  
  13  0:19  Drone  
  14  0:30  Drone x2  
  14  0:35  Drone  
  17  0:53  Hatchery  
  16  1:00  Drone  
  17  1:05  Drone  
  17  1:06  Extractor  
  17  1:16  Spawning Pool  
  16  1:19  Drone  
  16  1:23  Drone  
  18  1:33  Drone  
  18  1:38  Drone  
  20  1:50  Overlord  
  20  2:02  Queen  
  20  2:05  Queen  
  20  2:06  Zergling x4  
  26  2:12  Drone  
  26  2:14  Metabolic Boost  
  27  2:24  Drone x2  
  29  2:44  Queen  
  29  2:45  Overlord  
  29  2:47  Drone x3  
  34  3:07  Drone x4  
  38  3:14  Drone x6  
  44  3:20  Overlord  
  44  3:29  Zergling x2, Evolution Chamber x2  
  44  3:30  Zergling x2  
  42  3:46  Overlord  
  42  3:47  Overlord  
  42  3:52  Baneling Nest  
  42  3:55  Zerg Melee Weapons Level 1  
  41  4:07  Zerg Ground Armor Level 1  
  41  4:12  Drone x7  
  48  4:23  Zergling x6  
  51  4:24  Zergling x8  
  51  4:29  Extractor x2  
  51  4:30  Extractor  
  52  4:33  Queen  
  54  4:42  Baneling x2  
  54  4:43  Baneling  
  54  4:44  Overlord  
  54  4:47  Zergling x6  
  54  4:48  Zergling x8  
  61  5:09  Lair  
  61  5:17  Drone x2  
  61  5:18  Drone  
  64  5:27  Baneling x5  
  64  5:30  Baneling x2, Zergling x2  
  64  5:31  Zergling x14  
  64  5:53  Zergling x2  
  64  5:54  Zergling x14  
  71  6:03  Lair  
  65  6:18  Hatchery  
  60  6:19  Zergling x8  
  59  6:29  Zergling x2  
  59  6:30  Zergling x8  
  64  6:33  Zerg Melee Weapons Level 2, Zerg Ground Armor Level 2  
  64  6:36  Hatchery  
  64  6:38  Spire  
  56  6:40  Zergling x2  
  56  6:41  Zergling x6  
  56  6:44  Zergling x2  
  56  6:47  Drone  
  61  7:00  Zergling x4  
  59  7:07  Zergling x2  
  53  7:18  Zergling x16  
  58  7:25  Zergling x2  
  53  7:50  Zerg Flyer Weapons Level 1, Mutalisk x8  
  68  8:09  Zergling x12, Hatchery  
  67  8:33  Mutalisk x5  
  71  8:43  Zergling x2  
  71  8:44  Zergling x20  
  76  9:09  Queen  
  72  9:10  Queen  
  72  9:15  Zergling x2  
  72  9:16  Zergling x8  
Tags
 
Add a new tag
Caveats
  • Supply blocks, unpowered buildings, or Contaminate may cause inaccurate times.
  • Supply counts are checked every 10 seconds.